Map: Void Thrashing

Players

Hunter

  • Race: Zerg Zerg
  • League: Diamond
  • Spawn Location: 9:00

Draconos

  • Race: Terran Terran
  • Spawn Location: 6:00

VOD

https://www.youtube.com/watch?v=MVX3t93h9Fc

Description

Hey everyone this is my build for Kerrigan. We focus on early hatcheries and gas to get larva production without queens. Omega worms are used for army movement and to get creep spread for Malignant creep. I go over the build in the video.

Time

  • Played on: May 20, 2018, 1:12 a.m.
  • Length: 16:49
Show
View Real Time Build Order
Export as new Build Order

Hunter Zerg 

Build Orders:  

Get SALT Encoding   

  12  0:03  Drone  
  13  0:15  Drone  
  14  0:28  Drone, Extractor  
  15  0:32  Overlord  
  15  1:09  Hatchery  
  14  1:15  Drone  
  15  1:23  Drone  
  15  1:24  Drone  
  17  1:42  Drone x2  
  17  1:47  Extractor  
  18  1:55  Drone  
  19  2:06  Drone  
  20  2:11  Drone  
  21  2:21  Drone  
  21  2:22  Extractor  
  21  2:24  Drone  
  22  2:32  Drone  
  23  2:42  Hatchery  
  23  2:46  Drone  
  23  2:52  Drone  
  23  2:58  Drone  
  25  3:02  Drone  
  26  3:24  Spawning Pool  
  26  3:29  Drone  
  26  3:37  Overlord  
  26  3:44  Drone  
  27  3:55  Evolution Chamber  
  26  4:01  Lair  
  26  4:15  Drone x2  
  26  4:16  Drone  
  29  4:30  Drone x3  
  32  4:42  Drone x4  
  36  4:58  Heroic Fortitude  
  36  5:02  Drone x3  
  39  5:13  Hatchery  
  39  5:19  Drone x2  
  40  5:20  Drone  
  41  5:32  Chain Reaction  
  41  5:37  Hive  
  41  5:43  Overlord  
  41  5:58  Drone x3  
  41  6:08  Drone x3  
  44  6:13  Extractor  
  44  6:17  Extractor  
  44  6:18  Drone x4  
  46  6:22  Drone x2  
  46  6:23  Drone x3  
  51  6:54  Ability Efficiency  
  51  7:02  Pneumatized Carapace  
  51  7:07  Drone  
  51  7:08  Drone, Nydus Network  
  52  7:12  Nydus Network  
  51  7:21  Nydus Network  
  51  7:23  Hydralisk Den, Nydus Network  
  48  7:35  Drone  
  49  7:41  Overlord x3  
  49  7:42  Overlord  
  49  7:59  Zerg Missile Weapons Level 1  
  49  8:04  Omega Worm  
  49  8:19  Muscular Augments, Hydralisk x9  
  73  8:50  Hydralisk  
  73  8:51  Hydralisk x2  
  73  8:57  Omega Worm  
  83  9:11  Hydralisk  
  83  9:12  Hydralisk x4  
  83  9:14  Zerg Missile Weapons Level 2  
  83  9:20  Ancillary Carapace  
  83  9:23  Overlord x4  
  83  9:24  Overlord  
  83  9:55  Omega Worm  
  83  9:58  Hydralisk  
  83  9:59  Hydralisk x2  
  95  10:22  Hydralisk x4  
  95  10:25  Omega Worm  
  97  10:30  Overlord x3  
  97  10:34  Hydralisk  
  103  10:53  Omega Worm, Hydralisk x3  
  103  10:55  Omega Worm  
  103  11:07  Hydralisk  
  103  11:08  Hydralisk  
  107  11:16  Hydralisk  
  113  11:34  Hydralisk  
  113  11:35  Hydralisk  
  113  11:38  Frenzy  
  113  11:58  Hydralisk  
  115  12:29  Hydralisk x3  
  123  12:30  Omega Worm, Hydralisk  
  123  12:38  Zerg Missile Weapons Level 3, Hydralisk  
  125  12:47  Omega Worm  
  125  12:51  Omega Worm  
  133  13:01  Hydralisk x2  
  133  13:02  Hydralisk x3  
  135  13:35  Hydralisk x2  
  135  13:36  Hydralisk x7  
  149  13:51  Omega Worm  
  149  14:03  Overlord  
  149  14:04  Overlord x4  
  149  14:06  Hydralisk  
  141  14:45  Hydralisk  
  141  14:46  Hydralisk x12  
  165  15:07  Zerg Ground Armor Level 1  
  165  15:08  Hydralisk x5  
  175  15:18  Overlord x3  
  175  15:19  Overlord x3  
  181  15:33  Hydralisk x2  
  181  15:34  Hydralisk  
  181  15:42  Omega Worm x4  
  181  15:57  Hydralisk  
  181  15:58  Hydralisk x2  
  181  16:10  Hydralisk  
  181  16:18  Hydralisk  
Show
View Real Time Build Order
Export as new Build Order

Draconos Terran 

Build Orders:  

Get SALT Encoding   

  12  0:04  SCV  
  13  0:21  SCV  
  14  0:33  Refinery  
  14  0:41  SCV  
  15  0:58  Barracks, SCV  
  16  1:17  SCV  
  17  1:24  Refinery  
  17  1:34  SCV  
  18  1:52  SCV  
  19  2:14  SCV, Factory  
  20  2:23  Barracks Tech Lab  
  20  2:46  SCV  
  21  2:57  Elite Marine  
  25  3:04  SCV  
  26  3:21  SCV  
  26  3:29  Factory Tech Lab  
  27  3:36  Starport  
  27  3:43  Refinery  
  27  3:54  SCV  
  28  4:19  Hellbat Rangers  
  32  4:34  Starport Tech Lab  
  32  4:44  Engineering Bay  
  32  4:53  Refinery  
  32  5:19  Defensive Drone  
  32  5:34  SCV  
  33  5:46  Armory  
  33  6:06  SCV  
  33  6:08  Railgun Turret  
  34  6:25  Laser Targeting System  
  34  6:54  Defensive Drone  
  34  6:59  Spec Ops Ghost  
  38  7:20  Command Center  
  38  7:54  Raven Type-II  
  40  8:18  Raid Artillery  
  40  8:22  Ares-Class Targeting System  
  40  8:26  Triple Tap  
  40  8:28  SCV  
  41  8:31  Terran Infantry Armor Level 1  
  41  8:44  Engineering Bay  
  41  8:45  SCV  
  42  9:02  SCV  
  42  9:06  Heavy Siege Tank  
  49  9:19  SCV  
  50  9:49  Graduating Range  
  50  9:52  Terran Vehicle and Ship Weapons Level 1  
  50  9:53  Terran Infantry Weapons Level 1  
  50  10:00  Armory  
  50  10:01  Ghost Visor  
  50  10:07  Smart Servos  
  50  10:52  SCV x2  
  52  11:01  Spec Ops Ghost  
  56  11:21  SCV x2  
  58  11:33  Railgun Turret  
  58  11:38  Railgun Turret  
  58  11:42  Suppression Shells  
  58  11:48  Caduceus Reactor  
  58  11:53  Spider Mines  
  58  12:00  Terran Infantry Armor Level 2  
  58  12:12  Raven Type-II  
  58  12:16  Defensive Drone  
  60  13:11  Spec Ops Ghost  
  64  14:15  Super Stimpack  
  64  14:23  Lockdown Missiles  
  64  14:53  Tactical Airlift  
  64  15:21  Heavy Siege Tank  
  70  15:34  Raven Type-II  
  72  15:50  Elite Marine  
  72  15:53  Hellbat Rangers  
  80  16:02  Defensive Drone  
  80  16:07  Defensive Drone  
Tags
 
Add a new tag
Caveats
  • Supply blocks, unpowered buildings, or Contaminate may cause inaccurate times.
  • Supply counts are checked every 10 seconds.